[Event "Titled Tuesday Blitz April 18 Late 2023"]
[White "Di Berardino, Diego Rafael"]
[Black "Seletsky, Grigory"]
[WhiteFideId "2105446"]
[BlackFideId "14112191"]
[WhiteElo "2432"]
[BlackElo "2490"]
[Result "1-0"]
[Round "11"]
[TimeControl "180+2"]
[Date "2023.04.18"]
[WhiteClock "0:01:23"]
[BlackClock "0:00:29"]

1. e4 c6 2. d4 d5 3. Nc3 dxe4 4. Nxe4 Nd7 5. Nf3 Ngf6 6. Nxf6+ Nxf6 7. Bc4 Bf5 8. Qe2 e6 9. Bg5 Be7 10. O-O-O h6 11. Bh4 Ne4 12. Bxe7 Qxe7 13. Ne5 Nd6 14. Bb3 O-O-O 15. g4 Be4 16. f3 Bh7 17. h4 Rhe8 18. Kb1 Qc7 19. h5 c5 20. Ka1 f6 21. dxc5 Qxc5 22. Nd3 Qc7 23. Nf4 e5 24. Ne6 Rxe6 25. Bxe6+ Kb8 26. Rd2 Bg8 27. Bxg8 Rxg8 28. Rhd1 Rd8 29. Rd5 a6 30. Qd2 1-0


[Site "https://www.chess.com"]

[Event "Titled Tuesday Blitz April 18 Late 2023"]
[White "Janaszak, Dawid"]
[Black "Yeritsyan, Hayk"]
[WhiteFideId "1119206"]
[BlackFideId "13307320"]
[WhiteElo "2220"]
[BlackElo "2431"]
[Result "1/2-1/2"]
[Round "11"]
[TimeControl "180+2"]
[Date "2023.04.18"]
[WhiteClock "0:00:06"]
[BlackClock "0:00:04"]

1. e4 c6 2. d4 d5 3. exd5 cxd5 4. Bd3 Nf6 5. c3 Bg4 6. Qb3 Qc7 7. Ne2 Bxe2 8. Bxe2 e6 9. O-O Bd6 10. h3 Nc6 11. Nd2 Bh2+ 12. Kh1 Bf4 13. Nf3 Bxc1 14. Raxc1 O-O 15. Bd3 a6 16. Qc2 Rfc8 17. Qe2 b5 18. Ne5 Nxe5 19. dxe5 Nd7 20. f4 Rab8 21. a3 Nc5 22. Bc2 g6 23. g4 Na4 24. f5 Nxb2 25. fxe6 fxe6 26. Bxg6 hxg6 27. Rf6 Nc4 28. Rxg6+ Kh7 29. Rxe6 Rb6 30. Qd3+ Kg8 31. Qg6+ Kh8 32. Qh6+ Qh7 33. Rxb6 Nxb6 34. Qf6+ Kg8 35. Qe6+ Kh8 36. Kg2 Qe4+ 37. Kg3 Qe3+ 38. Kh4 Qxc1 39. Qf6+ Kg8 40. Qe6+ Kf8 41. Qf6+ Ke8 42. Qe6+ Kf8 43. Qf6+ Ke8 44. Qe6+ Kd8 45. Qxb6+ Rc7 46. Qb8+ Kd7 47. e6+ Kc6 48. Qa8+ Kd6 49. Qd8+ Kc6 50. Qa8+ Kb6 51. Qb8+ Kc6 52. Qa8+ 1/2-1/2


[Site "https://www.chess.com"]

[Event "Titled Tuesday Blitz April 18 Late 2023"]
[White "Gonzalez, Francisco Silva"]
[Black "cryptoguru02"]
[WhiteFideId "1512285"]
[WhiteElo "2074"]
[BlackElo "2605"]
[Result "0-1"]
[Round "11"]
[TimeControl "180+2"]
[Date "2023.04.18"]
[WhiteClock "0:00:01"]
[BlackClock "0:00:07"]

1. d4 g6 2. e4 Bg7 3. c4 c5 4. d5 d6 5. Bd3 Nf6 6. h3 O-O 7. Nc3 a6 8. a4 e5 9. g4 a5 10. f3 Na6 11. Bg5 Nb4 12. Nge2 Qb6 13. Nb5 Bd7 14. Nec3 h6 15. Bh4 Rae8 16. Ra3 Nh7 17. Rg1 Kh8 18. Bb1 Bf6 19. Bxf6+ Nxf6 20. Qd2 Ng8 21. Ne2 Bxb5 22. axb5 Qd8 23. Kf2 b6 24. Kg2 Qh4 25. Ng3 Qg5 26. Qe3 Ne7 27. Rh1 Qxe3 28. Rxe3 Rg8 29. h4 Ref8 30. Re2 f5 31. g5 f4 32. Nf1 hxg5 33. hxg5+ Kg7 34. Kg1 Rh8 35. Reh2 Rxh2 36. Nxh2 Rh8 37. Ng4 Rh5 38. Nf6 Rxg5+ 39. Ng4 Rh5 40. Rh2 Ng8 41. b3 Rxh2 42. Kxh2 Nf6 43. Nf2 Kh6 44. Kh3 Kh5 45. Nh1 g5 46. Nf2 g4+ 47. fxg4+ Kg5 48. Kg2 Nxg4 49. Nh3+ Kh4 50. Ng1 Ne3+ 51. Kf3 Nd1 52. Ne2 Kg5 53. Nxf4 exf4 54. e5 dxe5 55. d6 Kf6 56. Bf5 Ne3 57. d7 Ke7 58. Bh3 Nbc2 59. Ke4 Nd4 60. Kxe5 f3 61. Ke4 Nef5 62. Kd3 Kxd7 63. b4 axb4 64. Ke4 Ke6 65. Kf4 f2 66. Ke4 Kf6 67. Kd3 Ng3 68. Ke3 f1=Q 69. Bxf1 Nxf1+ 70. Ke4 Nd2+ 0-1


[Site "https://www.chess.com"]

[Event "Titled Tuesday Blitz April 18 Late 2023"]
[White "Mickiewicz, Piotr"]
[Black "Zarnicki, Pablo"]
[WhiteFideId "1114891"]
[BlackFideId "100137"]
[WhiteElo "2246"]
[BlackElo "2468"]
[Result "0-1"]
[Round "11"]
[TimeControl "180+2"]
[Date "2023.04.18"]
[WhiteClock "0:00:04"]
[BlackClock "0:00:42"]

1. Nf3 Nf6 2. e3 g6 3. c4 Bg7 4. Nc3 O-O 5. b3 d5 6. cxd5 Nxd5 7. Bb2 Nb4 8. d4 Bf5 9. Rc1 c5 10. a3 N4a6 11. d5 Nc7 12. Qd2 a6 13. a4 Nd7 14. e4 Bg4 15. Be2 Nf6 16. O-O b5 17. h3 Bxf3 18. Bxf3 Nd7 19. Be2 c4 20. b4 Rb8 21. a5 Ne5 22. f4 Nc6 23. e5 Nxb4 24. Bf3 Nd3 25. Ba1 b4 26. Ne4 Nxc1 27. Rxc1 c3 28. Qd3 Nxd5 29. g3 Qxa5 30. Ng5 e6 31. Ne4 b3 32. Nd6 b2 33. Bxb2 cxb2 34. Rb1 Qc5+ 35. Kh2 Qc1 36. Bg2 Nc3 37. Rxb2 Rxb2 0-1


[Site "https://www.chess.com"]

[Event "Titled Tuesday Blitz April 18 Late 2023"]
[White "Aggelis, Nikolaos"]
[Black "Moral Garcia, Serafin"]
[WhiteFideId "4213220"]
[BlackFideId "2201925"]
[WhiteElo "2189"]
[BlackElo "2274"]
[Result "0-1"]
[Round "11"]
[TimeControl "180+2"]
[Date "2023.04.18"]
[WhiteClock "0:00:01"]
[BlackClock "0:00:12"]

1. c4 e5 2. Nc3 Nf6 3. g3 c6 4. d4 exd4 5. Qxd4 d5 6. Bg2 Na6 7. cxd5 Nb4 8. Qd1 Nbxd5 9. Nxd5 Nxd5 10. Nf3 Be7 11. O-O O-O 12. Qb3 Qb6 13. Qxb6 axb6 14. e4 Nb4 15. a3 Nd3 16. Rd1 Nxc1 17. Raxc1 Be6 18. Nd4 Bd7 19. Nf5 Bxf5 20. exf5 Rfd8 21. Kf1 Bf6 22. Rxd8+ Rxd8 23. b4 Bb2 24. Rb1 Bxa3 25. b5 Bc5 26. bxc6 bxc6 27. Bxc6 Rd2 28. f4 Rxh2 29. Rd1 h6 30. Bg2 h5 31. f6 gxf6 32. Rd5 h4 33. gxh4 Rxh4 34. f5 Kg7 35. Bf3 Kh6 36. Ke2 Kg5 37. Rd7 Kxf5 38. Rxf7 Ke5 39. Rc7 f5 40. Bc6 Rh2+ 41. Ke1 f4 42. Rf7 Be3 43. Kd1 Kd4 44. Ke1 Kc5 45. Be4 b5 46. Rf5+ Kd4 47. Bc6 b4 48. Rd5+ Kc3 49. Rb5 b3 50. Be4 b2 51. Kd1 Rf2 52. Ke1 f3 53. Rb7 Re2+ 54. Kf1 Rd2 55. Bxf3 Rf2+ 56. Ke1 Rxf3 57. Ke2 Rh3 58. Rc7+ Kb3 59. Rb7+ Kc2 60. Rc7+ Kb1 61. Rb7 Bc1 62. Kd1 Rh5 63. Rd7 Ra5 64. Rb7 Ka2 65. Kc2 Rc5+ 66. Kd1 b1=Q 67. Ra7+ Kb2 68. Rb7+ Ka2 69. Rxb1 Kxb1 0-1


[Site "https://www.chess.com"]

[Event "Titled Tuesday Blitz April 18 Late 2023"]
[White "Al-Tarboush, Ward"]
[Black "Marcziter, Dmitrii"]
[WhiteFideId "7601450"]
[BlackFideId "13900765"]
[WhiteElo "2265"]
[BlackElo "2162"]
[Result "1-0"]
[Round "11"]
[TimeControl "180+2"]
[Date "2023.04.18"]
[WhiteClock "0:02:27"]
[BlackClock "0:02:56"]

1. e4 c5 2. Nf3 a6 3. c3 d5 4. exd5 Qxd5 5. d4 Nf6 6. Be3 cxd4 7. cxd4 Bg4 8. Be2 e6 9. Nc3 Qd6 10. O-O Nc6 11. h3 Bh5 12. Qd2 Nb4 13. Bf4 Qc6 14. Ne5 Qd6 15. Ng6 Qc6 16. Nxh8 Qd6 17. Bxd6 Bg6 18. Bxf8 1-0


[Site "https://www.chess.com"]

[Event "Titled Tuesday Blitz April 18 Late 2023"]
[White "Barrientos, Sergio E"]
[Black "Volkmann, Andre Jordi"]
[WhiteFideId "4401824"]
[BlackFideId "2154463"]
[WhiteElo "2423"]
[BlackElo "1999"]
[Result "1-0"]
[Round "11"]
[TimeControl "180+2"]
[Date "2023.04.18"]
[WhiteClock "0:02:13"]
[BlackClock "0:00:08"]

1. a3 d5 2. b4 e5 3. Bb2 f6 4. e3 c5 5. bxc5 Bxc5 6. Nf3 Nc6 7. d4 Bd6 8. dxe5 Bxe5 9. Nxe5 Nxe5 10. Bxe5 fxe5 11. Qh5+ Kf8 12. Qxe5 Qf6 13. Qxf6+ Nxf6 14. Bd3 Ke7 15. Nd2 Re8 16. f3 b6 17. Kf2 Bb7 18. Rhb1 Rac8 19. a4 a6 20. Rxb6 Rc7 21. Rab1 Bc8 22. Nb3 Kf8 23. Nd4 Kg8 24. Bxa6 Bxa6 25. Rxa6 Nd7 26. Rc6 Ra7 27. Rb4 Ne5 28. Rcb6 Nc4 29. e4 Nxb6 30. Rxb6 dxe4 31. Rb4 e3+ 32. Ke2 Rd7 33. c3 Rc8 34. Rb3 Ra7 35. Ra3 Re8 36. a5 Rb7 37. Ra2 Rc7 38. Kd3 e2 39. Nxe2 Rce7 40. Nd4 Re3+ 41. Kc4 Rc8+ 42. Kb4 Rexc3 43. Rd2 R8c4+ 44. Kb5 Rc5+ 45. Kb6 Rd5 46. a6 Rd6+ 47. Kb5 Ra3 48. f4 Raxa6 49. g3 Ra3 50. Kc5 Rd8 51. Nf3 Rxd2 52. Nxd2 Ra2 53. Nf3 Rf2 54. Ng5 Rxh2 55. Kd5 Rg2 56. Ne4 Kf7 57. Kd4 h5 58. Ke3 Ra2 59. Kf3 Ra3+ 60. Kg2 Kg6 61. Kh3 Ra4 62. Ng5 Kf5 63. Nf3 Ra3 64. Nd4+ Ke4 65. Ne6 g6 66. Kh4 Kf5 67. Nd4+ Ke4 68. Ne6 Kf5 69. Ng7+ Kf6 70. Ne8+ Ke7 71. Nc7 Ra2 72. Nd5+ Ke6 73. Ne3 Re2 74. Nc4 Kf6 75. Kh3 Re4 76. Nd2 Re3 77. Nc4 Rd3 78. Ne5 Ra3 79. Kh4 Ra1 80. Kh3 Rh1+ 81. Kg2 Ra1 82. Nf3 Ra2+ 83. Kh3 Ra1 84. Nd4 Rh1+ 85. Kg2 Rd1 86. Nf3 Kf5 87. Nh4+ Kg4 88. Nxg6 Rd2+ 89. Kf1 Kxg3 90. f5 Kf3 91. Ke1 Rd5 92. f6 Rf5 93. Nh4+ Kg4 94. Nxf5 h4 95. Nxh4 Kxh4 96. f7 1-0


[Site "https://www.chess.com"]

[Event "Titled Tuesday Blitz April 18 Late 2023"]
[White "liwadas82"]
[Black "Kubatko, Ivan"]
[BlackFideId "24111473"]
[WhiteElo "2539"]
[BlackElo "2285"]
[Result "0-1"]
[Round "11"]
[TimeControl "180+2"]
[Date "2023.04.18"]
[WhiteClock "0:00:01"]
[BlackClock "0:00:02"]

1. e4 d5 2. exd5 Qxd5 3. Nc3 Qa5 4. d4 Nf6 5. Nf3 Bg4 6. h3 Bh5 7. g4 Bg6 8. b4 Qb6 9. Bg2 e6 10. O-O Bxb4 11. Rb1 Qa5 12. Ne2 Be4 13. Ng3 Bd5 14. a3 Bd6 15. Bd2 Qxa3 16. Ra1 Qb2 17. Rb1 Qa2 18. Ra1 Qc4 19. g5 Nfd7 20. Nh5 O-O 21. Nf4 Nc6 22. Nxd5 exd5 23. c3 Nb6 24. Nh4 Qd3 25. Re1 Nc4 26. Be3 Qxd1 27. Raxd1 Ne7 28. Bf4 Bxf4 29. Rxe7 Bxg5 30. Nf5 Bxe7 31. Nxe7+ Kh8 32. Nxd5 c6 33. Nf4 Rfe8 34. Rb1 Rab8 35. Nd3 Red8 36. Nc5 b6 37. Na6 Rbc8 38. Nb4 c5 39. Nc6 Rxc6 40. Bxc6 cxd4 41. cxd4 Rxd4 42. Re1 g6 43. Re7 a5 44. Rxf7 Nd6 45. Ra7 Nf5 46. Rb7 Rb4 47. Bd5 h5 0-1


[Site "https://www.chess.com"]

[Event "Titled Tuesday Blitz April 18 Late 2023"]
[White "Bruedigam, Martin"]
[Black "Mazurkiewicz, Michal"]
[WhiteFideId "24608033"]
[BlackFideId "1124943"]
[WhiteElo "2331"]
[BlackElo "2054"]
[Result "1-0"]
[Round "11"]
[TimeControl "180+2"]
[Date "2023.04.18"]
[WhiteClock "0:01:09"]
[BlackClock "0:01:22"]

1. d4 Nf6 2. c4 e5 3. dxe5 Ng4 4. Bf4 g5 5. Bg3 Bg7 6. Nf3 Nc6 7. Nc3 Ngxe5 8. Nxe5 Nxe5 9. e3 d5 10. cxd5 O-O 11. h4 g4 12. Bd3 c6 13. Be4 f5 14. Bc2 Qb6 15. Bb3 Kh8 16. O-O a5 17. Rc1 Qb4 18. a3 Qb6 19. dxc6 bxc6 20. Na4 Qb5 21. Rc5 Qd3 22. Bxe5 1-0


[Site "https://www.chess.com"]

[Event "Titled Tuesday Blitz April 18 Late 2023"]
[White "Graif, William"]
[Black "ElenGajger"]
[WhiteFideId "2609835"]
[WhiteElo "2205"]
[BlackElo "2443"]
[Result "1-0"]
[Round "11"]
[TimeControl "180+2"]
[Date "2023.04.18"]
[WhiteClock "0:00:07"]
[BlackClock "0:00:06"]

1. e4 c5 2. Nc3 Nc6 3. Bb5 Nd4 4. Nf3 g6 5. O-O Bg7 6. Nxd4 cxd4 7. Ne2 a6 8. Ba4 b5 9. Bb3 Bb7 10. d3 d6 11. Qe1 Nf6 12. h3 Qb6 13. f4 O-O 14. Kh1 a5 15. a3 a4 16. Ba2 Rac8 17. Bb1 Nd7 18. f5 d5 19. Qh4 Bf6 20. Bg5 dxe4 21. dxe4 Bxe4 22. Bxf6 Nxf6 23. fxg6 Bxg6 24. Nxd4 Rfd8 25. c3 Rc4 26. Ba2 Rcxd4 27. cxd4 Rxd4 28. Qf2 Qd6 29. Rae1 Kg7 30. Rxe7 Rd2 31. Qe3 Rxb2 32. Bxf7 Bxf7 33. Qg5+ Kf8 34. Ra7 Bd5 35. Rxf6+ Ke8 36. Rxd6 Bxg2+ 37. Kg1 1-0


[Site "https://www.chess.com"]

[Event "Titled Tuesday Blitz April 18 Late 2023"]
[White "angelgab3"]
[Black "Gonzalez Zamora, Juan Carlos"]
[BlackFideId "3507548"]
[WhiteElo "2512"]
[BlackElo "2535"]
[Result "1-0"]
[Round "11"]
[TimeControl "180+2"]
[Date "2023.04.18"]
[WhiteClock "0:00:11"]
[BlackClock "0:00:02"]

1. e4 d6 2. d4 Nf6 3. Nc3 g6 4. f4 Bg7 5. Nf3 O-O 6. Bd3 Bg4 7. e5 dxe5 8. fxe5 Nd5 9. Ne4 Nb4 10. Bc4 Bxf3 11. gxf3 c6 12. c3 Nd5 13. h4 h5 14. Rg1 a5 15. Bd3 Na6 16. f4 Qd7 17. Qf3 Rad8 18. f5 Ndb4 19. Bb1 c5 20. Ng3 Nc6 21. Nxh5 Nxd4 22. Qg4 Bxe5 23. cxd4 Bxd4 24. fxg6 f5 25. Qe2 Bxg1 26. a3 Qd4 27. Ba2+ Rd5 28. Nf4 Nc7 29. Bd2 e6 30. Nxe6 1-0


[Site "https://www.chess.com"]

[Event "Titled Tuesday Blitz April 18 Late 2023"]
[White "Prydun, Andriy"]
[Black "Sonnenschein, Philipp"]
[WhiteFideId "14145898"]
[BlackFideId "16250877"]
[WhiteElo "2164"]
[BlackElo "2224"]
[Result "1/2-1/2"]
[Round "11"]
[TimeControl "180+2"]
[Date "2023.04.18"]
[WhiteClock "0:00:54"]
[BlackClock "0:01:29"]

1. e4 c6 2. d4 d5 3. exd5 cxd5 4. Bd3 Nc6 5. c3 e6 6. Bf4 Nge7 7. Nf3 Ng6 8. Bg3 f6 9. O-O Bd6 10. Bxd6 Qxd6 11. c4 O-O 12. Nc3 Bd7 13. Rc1 Rac8 14. cxd5 exd5 15. Nxd5 Nxd4 16. Bxg6 Rxc1 17. Qxd4 Rxf1+ 18. Kxf1 hxg6 19. Nxf6+ Qxf6 20. Qxd7 Qxb2 21. Qe6+ Rf7 22. Qc8+ Rf8 23. Qe6+ Kh8 24. Qh3+ Kg8 25. Qe6+ 1/2-1/2


[Site "https://www.chess.com"]

[Event "Titled Tuesday Blitz April 18 Late 2023"]
[White "Marczuk, Dominik"]
[Black "Rios Escobar, Adan"]
[WhiteFideId "1111264"]
[BlackFideId "3403645"]
[WhiteElo "2174"]
[BlackElo "2488"]
[Result "1-0"]
[Round "11"]
[TimeControl "180+2"]
[Date "2023.04.18"]
[WhiteClock "0:00:34"]
[BlackClock "0:00:06"]

1. e4 c5 2. Nf3 d6 3. d4 cxd4 4. Nxd4 Nf6 5. Nc3 a6 6. f3 e5 7. Nb3 Be7 8. Be3 Be6 9. Qd2 h5 10. Nd5 Nxd5 11. exd5 Bf5 12. Be2 a5 13. a4 Nd7 14. O-O O-O 15. c4 Bg6 16. Rad1 f5 17. c5 f4 18. Bf2 Rc8 19. c6 bxc6 20. dxc6 Nf6 21. Nxa5 d5 22. b4 d4 23. b5 d3 24. Nb7 dxe2 25. Nxd8 exf1=Q+ 26. Rxf1 Rfxd8 27. Qc3 e4 28. fxe4 Nxe4 29. Qc4+ Kh8 30. Bb6 Nd2 31. Qe6 Nxf1 32. Bxd8 Bc5+ 33. Kxf1 Bd3+ 34. Ke1 Rxd8 35. c7 Bb4+ 36. Kf2 Bc5+ 37. Kf3 1-0


[Site "https://www.chess.com"]

[Event "Titled Tuesday Blitz April 18 Late 2023"]
[White "Papayan, Oleg"]
[Black "Jaskolka, Tomasz"]
[WhiteFideId "4193911"]
[BlackFideId "1170791"]
[WhiteElo "2153"]
[BlackElo "2155"]
[Result "1-0"]
[Round "11"]
[TimeControl "180+2"]
[Date "2023.04.18"]
[WhiteClock "0:00:02"]
[BlackClock "0:00:10"]

1. e4 c5 2. d4 cxd4 3. Qxd4 Nc6 4. Qd3 e6 5. Nc3 Nf6 6. Bf4 d5 7. exd5 exd5 8. O-O-O Be6 9. Nb5 Rc8 10. Nf3 Nb4 11. Qb3 Rxc2+ 12. Kb1 Rc8 13. Nfd4 a6 14. Nxe6 fxe6 15. Nd4 Qd7 16. Re1 Ne4 17. f3 Qf7 18. fxe4 Qxf4 19. Nxe6 Qd2 20. Be2 Bd6 21. Nxg7+ Kf7 22. Nf5 Be5 23. Bh5+ Kf6 24. Re2 Qg5 25. Qxb4 Rc7 26. Rf1 Rhc8 27. Nd6+ Ke6 28. Nxc8 Qxh5 29. Nb6 Qxe2 30. exd5# 1-0


[Site "https://www.chess.com"]

[Event "Titled Tuesday Blitz April 18 Late 2023"]
[White "Pein, Jonathan"]
[Black "D`Arruda, Ricardo D."]
[WhiteFideId "417092"]
[BlackFideId "100692"]
[WhiteElo "2151"]
[BlackElo "2466"]
[Result "1-0"]
[Round "11"]
[TimeControl "180+2"]
[Date "2023.04.18"]
[WhiteClock "0:01:28"]
[BlackClock "0:00:20"]

1. Nf3 d5 2. e3 Nf6 3. c4 c5 4. b3 Nc6 5. cxd5 Nxd5 6. Bb2 f6 7. d4 e6 8. Bb5 Qa5+ 9. Nc3 Nxc3 10. Bxc6+ bxc6 11. Qd2 cxd4 12. Nxd4 Qd5 13. Qxc3 Qxg2 14. O-O-O Bd7 15. Rhg1 Qd5 16. Kb1 Kf7 17. Ka1 c5 18. Nf3 Qc6 19. e4 Be7 20. Ng5+ Ke8 21. Nf3 Rg8 22. Nd2 Kf7 23. Nc4 Rgd8 24. Qf3 Kf8 25. Rxg7 Kxg7 26. Rg1+ Kf7 27. Ne5+ 1-0


[Site "https://www.chess.com"]

[Event "Titled Tuesday Blitz April 18 Late 2023"]
[White "Hoffmann, Asa"]
[Black "Storey, Charles H"]
[WhiteFideId "2001470"]
[BlackFideId "406686"]
[WhiteElo "2117"]
[BlackElo "2196"]
[Result "0-1"]
[Round "11"]
[TimeControl "180+2"]
[Date "2023.04.18"]
[WhiteClock "0:01:43"]
[BlackClock "0:01:45"]

1. d4 g6 2. e4 Bg7 3. Be3 c5 4. c3 cxd4 5. Bxd4 Nf6 6. e5 Nh5 7. Be2 Nf4 8. Bf3 Nc6 9. g3 Ne6 10. Bxc6 bxc6 11. f4 c5 12. Be3 Bb7 13. Nf3 Qb6 14. b3 Qc6 15. O-O h5 16. h4 d6 17. exd6 exd6 18. Nbd2 O-O 19. Qe2 Rfe8 20. Qf2 Bxc3 21. Rac1 Bg7 22. Kh2 a5 23. Rg1 Rad8 24. Nc4 Qxf3 25. Qxf3 Bxf3 26. Nxa5 Ra8 27. Nc4 Rxa2+ 28. Kh3 Bg4# 0-1


[Site "https://www.chess.com"]

[Event "Titled Tuesday Blitz April 18 Late 2023"]
[White "Todorovic, Bojan"]
[Black "reevecanada"]
[WhiteFideId "917087"]
[WhiteElo "2266"]
[BlackElo "2460"]
[Result "1/2-1/2"]
[Round "11"]
[TimeControl "180+2"]
[Date "2023.04.18"]
[WhiteClock "0:00:04"]
[BlackClock "0:00:48"]

1. Nf3 Nf6 2. g3 g6 3. Bg2 Bg7 4. O-O O-O 5. c4 c5 6. Nc3 Nc6 7. d3 d6 8. Rb1 a6 9. a3 Rb8 10. b4 cxb4 11. axb4 b5 12. cxb5 axb5 13. d4 d5 14. Bf4 Bf5 15. Rb3 Rb6 16. Ne5 Ne4 17. Nxc6 Rxc6 18. Nxb5 Qb6 19. Bxe4 Bxe4 20. Nc3 Bxd4 21. Nxe4 dxe4 22. Qd2 Rd8 23. Be3 Bg7 24. Qa2 Qb5 25. Re1 Ra6 26. Qc2 Qd5 27. Rbb1 Ra2 28. Qc5 Qd7 29. b5 Bf8 30. Qc6 Qg4 31. b6 Rd6 32. Qc7 Rxe2 33. b7 Rxe1+ 34. Rxe1 Rd1 35. Rxd1 Qxd1+ 36. Kg2 Qf3+ 37. Kg1 Qd1+ 38. Kg2 g5 39. b8=Q Qf3+ 40. Kg1 Qd1+ 41. Kg2 Qf3+ 42. Kg1 Qd1+ 43. Kg2 1/2-1/2


[Site "https://www.chess.com"]

[Event "Titled Tuesday Blitz April 18 Late 2023"]
[White "ayme97"]
[Black "Melikhov, Evgeny V."]
[BlackFideId "4122046"]
[WhiteElo "2249"]
[BlackElo "2158"]
[Result "1-0"]
[Round "11"]
[TimeControl "180+2"]
[Date "2023.04.18"]
[WhiteClock "0:00:56"]
[BlackClock "0:00:05"]

1. d4 Nf6 2. c4 e6 3. Nc3 Bb4 4. Qc2 c5 5. d5 exd5 6. cxd5 Nxd5 7. e4 Ne7 8. Bc4 O-O 9. Nf3 d5 10. exd5 Nxd5 11. O-O Nb6 12. Ng5 g6 13. Rd1 Bf5 14. Rxd8 Bxc2 15. Bxf7+ Kg7 16. Ne6+ Kxf7 17. Nxf8 Nc6 18. Rxa8 Nxa8 19. Nxh7 Nd4 20. Be3 Nb6 21. Ng5+ Kf6 22. Nce4+ Ke5 23. f4+ Kd5 24. Nf6+ Kc6 25. a3 Ba5 26. b4 cxb4 27. axb4 Nb3 28. Ra2 Bb1 29. Rb2 Nc4 30. Rxb3 Nxe3 31. bxa5 1-0


[Site "https://www.chess.com"]

[Event "Titled Tuesday Blitz April 18 Late 2023"]
[White "brm72"]
[Black "Tyagi, Kushan"]
[BlackFideId "2040069"]
[WhiteElo "2565"]
[BlackElo "2297"]
[Result "1/2-1/2"]
[Round "11"]
[TimeControl "180+2"]
[Date "2023.04.18"]
[WhiteClock "0:00:14"]
[BlackClock "0:00:06"]

1. e4 c5 2. Nf3 e6 3. d4 cxd4 4. Nxd4 a6 5. Bd3 Bc5 6. Nb3 Be7 7. c4 d6 8. Nc3 Nd7 9. O-O Ngf6 10. f4 b6 11. Be3 Bb7 12. Qe2 Qc7 13. Rac1 h5 14. Nd2 h4 15. Nf3 h3 16. g3 g6 17. Ng5 Rh5 18. Bd4 Nc5 19. Bc2 e5 20. Bf2 Qd7 21. b4 Ne6 22. Ba4 Bc6 23. Bxc6 Qxc6 24. Nd5 Rb8 25. b5 Qd7 26. bxa6 Nxd5 27. cxd5 Nxg5 28. fxg5 Bxg5 29. Rc6 Bd8 30. Rb1 f5 31. Bxb6 f4 32. gxf4 exf4 33. e5 Rxe5 34. Qf3 Bxb6+ 35. Rcxb6 Qa7 36. Qf2 Rc8 37. Rxd6 Qxf2+ 38. Kxf2 Rc2+ 39. Kf3 Rxa2 40. Kxf4 Ree2 41. Rxg6 Rxh2 42. Rb7 Rhf2+ 43. Ke5 Rfe2+ 44. Kd4 Red2+ 45. Kc4 Rdc2+ 46. Kd3 Rd2+ 47. Ke3 Re2+ 48. Kf4 Rf2+ 49. Ke5 Rfe2+ 50. Kd4 Red2+ 51. Ke3 Re2+ 52. Kd4 1/2-1/2


[Site "https://www.chess.com"]

[Event "Titled Tuesday Blitz April 18 Late 2023"]
[White "Fiorito, Francisco"]
[Black "Gerbelli Neto, Eduardo"]
[WhiteFideId "180165"]
[BlackFideId "2103281"]
[WhiteElo "2341"]
[BlackElo "2178"]
[Result "1-0"]
[Round "11"]
[TimeControl "180+2"]
[Date "2023.04.18"]
[WhiteClock "0:01:28"]
[BlackClock "0:00:18"]

1. d4 d5 2. Bf4 Nf6 3. Nc3 Bf5 4. f3 e6 5. g4 Bg6 6. h4 h6 7. e3 Bd6 8. Nh3 Nbd7 9. Bxd6 cxd6 10. Bd3 Bxd3 11. Qxd3 Qb6 12. O-O-O O-O-O 13. g5 Nh5 14. f4 Ng3 15. Rhg1 Nf5 16. h5 Kb8 17. e4 dxe4 18. Nxe4 d5 19. Ng3 Nd6 20. c3 Rc8 21. Rg2 f6 22. Re1 e5 23. fxe5 fxe5 24. dxe5 Nc5 25. Qxd5 Nb5 26. Nf4 Rhd8 27. Qf3 hxg5 28. Nd5 Qe6 29. Rd2 Na4 30. Qf5 Qa6 31. e6 Nd6 32. Qe5 Ka8 33. e7 Nc4 34. exd8=Q Rxd8 35. Nc7+ 1-0


[Site "https://www.chess.com"]

[Event "Titled Tuesday Blitz April 18 Late 2023"]
[White "Osmak, Yuliia"]
[Black "KorolDimitriy75"]
[WhiteFideId "14101602"]
[WhiteElo "2291"]
[BlackElo "2366"]
[Result "1-0"]
[Round "11"]
[TimeControl "180+2"]
[Date "2023.04.18"]
[WhiteClock "0:01:17"]
[BlackClock "0:00:01"]

1. d4 Nf6 2. c4 c5 3. dxc5 Na6 4. Nf3 Nxc5 5. g3 g6 6. Bg2 Bg7 7. O-O O-O 8. Nc3 a5 9. b3 d6 10. Bb2 Qb6 11. Rc1 Bd7 12. Nd4 Rfc8 13. e4 a4 14. Ncb5 axb3 15. axb3 Bg4 16. f3 Bd7 17. Kh1 Ra2 18. Bc3 Rca8 19. Rc2 Bxb5 20. Nxb5 Nfd7 21. Rxa2 Rxa2 22. Bxg7 Kxg7 23. b4 Ne6 24. Qb3 Rf2 25. Ra1 f6 26. Bh3 Ndf8 27. Bxe6 Nxe6 28. Qd3 Rb2 29. Rb1 Qf2 30. Rxb2 Qxb2 31. Qd5 Nf8 32. Nc7 Qxb4 33. Ne8+ Kh6 34. Qf7 Qe1+ 35. Kg2 Qe2+ 36. Kh3 Qf1+ 37. Kg4 f5+ 38. exf5 gxf5+ 39. Qxf5 1-0


[Site "https://www.chess.com"]

[Event "Titled Tuesday Blitz April 18 Late 2023"]
[White "Przybylski, Wojciech"]
[Black "Prieto Aranguren, Alain"]
[WhiteFideId "1117599"]
[BlackFideId "2268906"]
[WhiteElo "2222"]
[BlackElo "2209"]
[Result "1-0"]
[Round "11"]
[TimeControl "180+2"]
[Date "2023.04.18"]
[WhiteClock "0:00:05"]
[BlackClock "0:00:07"]

1. e4 c6 2. d4 d5 3. Nc3 dxe4 4. Nxe4 Nf6 5. Nc3 Bf5 6. Nf3 e6 7. g3 Be7 8. Bg2 O-O 9. O-O Na6 10. a3 Nc7 11. a4 Ncd5 12. Ne2 Rc8 13. Ne5 Nb4 14. c3 Nbd5 15. a5 c5 16. h3 cxd4 17. Nxd4 Bg6 18. Re1 Bc5 19. Nxg6 hxg6 20. Kh2 b6 21. a6 Nc7 22. Bg5 Bxd4 23. cxd4 Ncd5 24. Qd3 Qd7 25. Rec1 Rfd8 26. Bd2 Rc7 27. Rxc7 Nxc7 28. Rc1 Qb5 29. Qxb5 Nxb5 30. Be3 Nd5 31. Bf1 Nbc7 32. h4 Kf8 33. b4 Ke7 34. b5 Kd6 35. Rc6+ Kd7 36. Kg2 Rc8 37. Rc1 Ne8 38. Rxc8 Kxc8 39. Bd2 Nd6 40. Bf4 Ne4 41. Bc1 Nec3 42. Kf3 Kc7 43. Bb2 Na4 44. Bc1 Nac3 45. g4 Kd6 46. Bb2 Nd1 47. Ba3+ Kd7 48. h5 gxh5 49. gxh5 Nf6 50. Bf8 Nxh5 51. Be2 Nc3 52. Bd3 g6 53. Ke3 Nf6 54. Ba3 Nfd5+ 55. Kd2 g5 56. Bb2 Na4 57. Ba1 g4 58. Bc2 Nc5 59. dxc5 bxc5 60. Be5 f5 61. Bb8 f4 62. Bxa7 g3 63. fxg3 fxg3 64. Be4 Nc7 65. Bc6+ Kd6 66. Bb6 Nd5 67. Bxd5 exd5 68. a7 g2 69. a8=Q g1=Q 70. Qd8+ Ke5 71. Qe7+ Kd4 72. Qxc5+ Ke4 73. Qxg1 d4 74. Qxd4+ Kf3 75. Qe3+ Kg2 76. Qf2+ Kh1 77. Qg1# 1-0


[Site "https://www.chess.com"]

[Event "Titled Tuesday Blitz April 18 Late 2023"]
[White "Goncalves, Davi Sulzbacher"]
[Black "Wang, Alexander J"]
[WhiteFideId "2154510"]
[BlackFideId "30955270"]
[WhiteElo "2182"]
[BlackElo "2318"]
[Result "1-0"]
[Round "11"]
[TimeControl "180+2"]
[Date "2023.04.18"]
[WhiteClock "0:00:38"]
[BlackClock "0:00:20"]

1. Nf3 d5 2. b3 c5 3. Bb2 Nc6 4. e3 Nf6 5. Bb5 Bd7 6. O-O a6 7. Bxc6 Bxc6 8. Ne5 e6 9. Nxc6 bxc6 10. c4 Be7 11. Nc3 O-O 12. Rc1 dxc4 13. bxc4 Rb8 14. Na4 Nd7 15. Ba3 Qa5 16. Qc2 Rb7 17. Rb1 Rfb8 18. Rxb7 Rxb7 19. f4 Nb6 20. Rb1 Rb8 21. Qb3 Nd7 22. Qxb8+ Nxb8 23. Rxb8+ Bd8 24. Nxc5 h6 25. Bb4 Qxa2 26. Rxd8+ Kh7 27. Bc3 Qxc4 28. Nd7 h5 29. Ne5 Qb5 30. Nxf7 Qb1+ 31. Kf2 Qf5 32. Rh8+ Kg6 33. Ne5+ 1-0


[Site "https://www.chess.com"]